 Dungeon Crawl Stone Soup version 0.22.1-1-ga44c0e5 (webtiles) character file.

2779 mandick the Insei (level 9, -3/71 HPs)
             Began as a Demonspawn Transmuter on Sept 30, 2018.
             Killed from afar by Joseph (18 damage)
             ... with a wand of acid (4)
             ... on level 7 of the Dungeon.
             The game lasted 00:38:45 (9400 turns).

mandick the Insei (Demonspawn Transmuter)           Turns: 9400, Time: 00:38:46

Health: -3/71      AC:  5    Str: 13    XL:     9   Next: 42%
Magic:  1/12       EV: 19    Int: 16    God:
Gold:   363        SH:  0    Dex: 17    Spells: 9/12 levels left

rFire    . . .     SeeInvis .     - Unarmed
rCold    . . .     Gourm    .   (no shield)
rNeg     . . .     Faith    .   A - +1 leather armour of Duwiyweva {Dex+4}
rPois    +         Spirit   .   (helmet restricted)
rElec    .         Reflect  .   (no cloak)
rCorr    .         Harm     .   y - +2 pair of gloves
MR       .....                  (no boots)
Stlth    +.........             (no amulet)
HPRegen  0.21/turn              l - +5 ring of evasion
MPRegen  0.13/turn              E - ring of poison resistance

@: corroded, very slightly contaminated, heavily drained
A: horns 2, icy blue scales 1, powered by death 1
a: no special abilities


You were on level 7 of the Dungeon.
You were hungry.

You visited 1 branch of the dungeon, and saw 7 of its levels.

You collected 363 gold pieces.

Inventory:

Missiles
 a - 46 arrows
Armour
 b - a +2 robe of magic resistance
 y - a +2 pair of gloves (worn)
 A - the +1 leather armour of Duwiyweva (worn) {Dex+4}
   (You found it on level 6 of the Dungeon)

   It affects your dexterity (+4).
 F - the +2 robe of the True Pharaoh {MR+ Regen+ MP-9}
   (You found it on level 7 of the Dungeon)

   It affects your resistance to hostile enchantments.
   It affects your magic capacity (-9).
   It increases your rate of regeneration.
Jewellery
 j - an uncursed ring of resist corrosion
 l - a +5 ring of evasion (left hand)
 o - an uncursed amulet of harm
 E - a ring of poison resistance (right hand)
Wands
 t - a wand of flame (25)
Scrolls
 c - 2 scrolls of identify {unknown}
 h - 4 scrolls of remove curse
 k - 3 scrolls of teleportation {unknown}
 m - 2 scrolls of magic mapping {unknown}
 p - a scroll of enchant armour {unknown}
 q - 3 scrolls of enchant weapon {unknown}
 s - a scroll of amnesia {unknown}
 u - a scroll of fog {unknown}
 v - a scroll of immolation {unknown}
 z - a scroll of random uselessness {unknown}
 B - a scroll of blinking {unknown}
Potions
 e - 4 potions of brilliance {unknown}
 f - a potion of heal wounds {unknown}
 g - 6 potions of flight {unknown}
 i - 2 potions of ambrosia {unknown}
 n - a potion of curing {unknown}
 r - 2 potions of haste {unknown}
 w - a potion of agility {unknown}
 x - a potion of degeneration {unknown}
 D - a potion of lignification {unknown}
Comestibles
 d - 5 rations


   Skills:
 + Level 6.4(5.1) Fighting
 + Level 6.1(4.8) Dodging
 + Level 6.4(5.1) Unarmed Combat
 - Level 2.0(0.8) Spellcasting
 * Level 6.4(5.1) Transmutations


You had 9 spell levels left.
You knew the following spells:

 Your Spells              Type           Power        Failure   Level  Hunger
a - Beastly Appendage     Tmut           ###...       3%          1    ##.....
b - Sticks to Snakes      Tmut           ###.....     5%          2    ###....

Your spell library contained the following spells:

 Spells                   Type           Power        Failure   Level  Hunger
 Freeze                   Ice            #...         30%         1    ##.....
 Spider Form              Tmut/Pois      #.........   30%         3    ####...
 Throw Frost              Conj/Ice       #.....       41%         2    ###....
 Ozocubu's Armour         Chrm/Ice       #.......     65%         3    ####...
 Ice Form                 Ice/Tmut       #.......     71%         4    #####..
 Blade Hands              Tmut           ###.......   71%         5    ######.
 Summon Ice Beast         Ice/Summ       #.......     96%         4    #####..
 Throw Icicle             Conj/Ice       #.......     96%         4    #####..


Dungeon Overview and Level Annotations

Branches:
Dungeon (7/15)
 Temple: D:4-7

Altars:
Elyvilon
Fedhas
Okawaru
Qazlal
Xom
Zin

Shops:
D:4 %

Annotations:
D:7 Joseph


Innate Abilities, Weirdness & Mutations

You have a pair of horns on your head.
You are partially covered in icy blue scales. (AC +2)
You regenerate a little health from kills.


Message History

Your ball python closely misses Joseph.
Joseph unwields an uncursed quarterstaff.
Joseph wields an uncursed hunting sling.
Joseph shoots a sling bullet.
The sling bullet hits your adder!
Your adder dies!
Evoke which item? (* to show all) (? for menu, Esc to quit)
Aiming: Throw Flame
Press: ? - help, Shift-Dir - straight line, f - Joseph
Aim: Joseph, wielding a hunting sling, wearing a leather armour and carrying a
Okay, then.
Your ball python barely misses Joseph.
Your ball python grabs Joseph.
Your ball python constricts Joseph.
Your adder bites Joseph but does no damage.
Your ball python bites Joseph.
Your adder bites Joseph but does no damage.
Joseph zaps a wand.
The bolt of acid hits your ball python.
Your ball python is splashed with acid.
The acid corrodes your ball python!
Your ball python dies!
The bolt of acid hits you!
You die...

............# ##...##
....@......# ##...##
..........# ##.....##
..........###.......#
..........#..#........##
..........###...........##
.........# ##@S.........##
#.......#
###(.S..........# #.....#
##...@...........##
#....###.................#
#.......................##
##.......................#
##..#...................#
#..#...................#
##.#####................#
#..# ###>.............#
##.## ##............##


You could see Joseph, a friendly adder and a friendly ball python.

Vanquished Creatures
  Sigmund (D:6)
  Eustachio (D:5)
  A water moccasin (D:5)
  2 black bears
  A sky beast (D:5)
  An ice beast (D:5)
  3 centaurs (D:5)
  3 bullfrogs
  A scorpion (D:5)
  3 killer bees (D:7)
  7 wights
  A howler monkey (D:5)
  2 crimson imps (D:5)
  A hound (D:4)
  2 orc priests
  2 bullfrog skeletons
  A jelly (D:6)
  6 orc wizards
  Jessica (D:2)
  2 iguanas
  Natasha (D:2)
  5 worker ants
  A worker ant zombie (D:3)
  9 adders
  A shadow imp (D:6)
  An ooze (D:4)
  3 adder zombies
  A worm (D:2)
  A dart slug (D:1)
  2 leopard geckos
  14 orcs
  2 ball pythons
  8 bats
  3 giant cockroaches
  8 goblins
  6 hobgoblins
  2 jackals (D:3)
  6 kobolds
  3 quokkas
  4 frilled lizards
  A leopard gecko skeleton (D:6)
  A quokka zombie (D:3)
  6 rats
131 creatures vanquished.

Vanquished Creatures (collateral kills)
  An orc warrior (D:6)
  3 ogres
  Blork the orc (D:6)
  2 wights (D:6)
  2 worker ants (D:6)
  An adder (D:6)
  An orc (D:5)
11 creatures vanquished.

Grand Total: 142 creatures vanquished

Notes
Turn   | Place    | Note
-------+----------+-------------------------------------------
     0 | D:1      | mandick the Demonspawn Transmuter began the quest for the
                  | Orb.
     0 | D:1      | Reached XP level 1. HP: 15/15 MP: 3/3
   463 | D:1      | Gained mutation: You regenerate a little health from kills.
                  | [demonic ancestry]
   463 | D:1      | Reached XP level 2. HP: 21/21 MP: 3/5
   720 | D:1      | Learned a level 2 spell: Sticks to Snakes
   773 | D:2      | Reached XP level 3. HP: 26/26 MP: 4/6
  1060 | D:2      | Noticed Jessica
  1080 | D:2      | Killed Jessica
  1318 | D:2      | Noticed Natasha
  1327 | D:2      | Reached XP level 4. HP: 28/33 MP: 5/7
  1336 | D:2      | Killed Natasha
  1494 | D:2      | Gained mutation: You have a pair of small horns on your
                  | head. [demonic ancestry]
  1494 | D:2      | Reached XP level 5. HP: 33/39 MP: 8/8
  1902 | D:3      | You fall through a shaft!
  1902 | D:4      | Noticed an ogre
  2015 | D:3      | Found a stormy altar of Qazlal.
  2371 | D:4      | HP: 2/40 [orc wizard/dagger (2)]
  2667 | D:4      | Gained mutation: You have a pair of horns on your head.
                  | [demonic ancestry]
  2667 | D:4      | Reached XP level 6. HP: 41/47 MP: 7/9
  2713 | D:4      | Found a blossoming altar of Fedhas.
  3112 | D:4      | Found Fitzecw's Food Boutique.
  3350 | D:5      | Entered Level 5 of the Dungeon
  3378 | D:5      | Noticed a two-headed ogre
  3781 | D:4      | You fall through a shaft!
  3807 | D:5      | Noticed an ice beast
  3827 | D:5      | Killed an ice beast
  3911 | D:5      | Noticed Eustachio
  4193 | D:5      | Killed Eustachio
  4193 | D:5      | Reached XP level 7. HP: 45/53 MP: 7/10
  4864 | D:5      | Found an iron altar of Okawaru.
  4873 | D:5      | Reached XP level 8. HP: 50/61 MP: 11/11
  5033 | D:5      | Found a shimmering altar of Xom.
  5173 | D:6      | Reached skill level 5 in Unarmed Combat
  5630 | D:6      | Found a white marble altar of Elyvilon.
  5675 | D:6      | Found a glowing silver altar of Zin.
  5916 | D:6      | Noticed Sigmund
  5945 | D:5      | Reached skill level 5 in Fighting
  5945 | D:5      | Reached skill level 5 in Dodging
  6272 | D:6      | Killed Sigmund
  6272 | D:6      | Reached skill level 5 in Transmutations
  6800 | D:6      | Got a slimy leather armour
  6839 | D:5      | Identified the +1 leather armour of Duwiyweva {Dex+4} (You
                  | found it on level 6 of the Dungeon)
  7429 | D:6      | Noticed Blork the orc
  7453 | D:6      | Killed Blork the orc
  7468 | D:6      | Gained mutation: You are partially covered in icy blue
                  | scales. (AC +2) [demonic ancestry]
  7468 | D:6      | Reached XP level 9. HP: 60/69 MP: 3/12
  8480 | D:7      | Noticed Joseph
  9185 | D:7      | Got a faintly humming robe
  9196 | D:7      | Identified the +2 robe of the True Pharaoh {MR+ Regen+
                  | MP-9} (You found it on level 7 of the Dungeon)
  9400 | D:7      | Killed from afar by Joseph

Skill      XL: |  1  2  3  4  5  6  7  8  9 |
---------------+----------------------------+-----
Dodging        | 2 3 4 5 6 |  6.1
Transmutations | 2 3 4 5 6 |  6.4
Unarmed Combat | 3 4 6 |  6.4
Fighting       | 2 3 4 5 6 |  6.4
Spellcasting   | |  2.0

Action                   |  1- 3 |  4- 6 |  7- 9 || total
-------------------------+-------+-------+-------++-------
Melee: Unarmed           |    84 |   296 |   289 ||   669
       Kick              |     5 |    42 |    48 ||    95
       Punch             |     2 |     2 |    11 ||    15
       Headbutt          |     8 |    37 |    62 ||   107
 Cast: Beastly Appendage |    15 |    31 |    27 ||    73
       Sticks to Snakes  |       |     9 |    55 ||    64
  Use: Scroll            |       |       |     1 ||     1
 Stab: Sleeping          |     2 |     2 |       ||     4
       Distracted        |       |     1 |     8 ||     9
  Eat: Chunk             |     2 |     4 |     7 ||    13
       Ration            |       |     2 |     4 ||     6
Armor: Robe              |    13 |    63 |    22 ||    98
       Leather armour    |       |       |    41 ||    41
Dodge: Dodged            |    61 |   306 |   285 ||   652
